Match 47105351
Unlisted

Match 47105351
End
Panzergrenadier Squad
Kradschützen Motorcycle Team
Panzergrenadier Squad
Construct Light Support Kompanie
2.5-tonne Medical Truck
Selects Panzerjäger Kommand Battlegroup
Selects Mine Fields
Selects Tank Busters
MG34 Team
Fire Support Elements
Flakvierling Half-track
Construct Mechanized Kompanie
Selects Defensive Positions
Pak 38 Anti-tank Gun Team
StuG III D Assault Gun
18-tonne Recovery Half-track
Selects Butterfly Bomb Drop
Panzerjäger Squad
254 Reconnaissance Tractor
Butterfly Bomb Drop
Neophyte
callofnoob
Boris Britva
ionwood
just a LLAMA
hallo.bram52
狐狸精
Hio
0
0

Comments sign in to comment!

No comments posted yet!